Map: Traitor's Exile

Players

YATT - Winner!

  • Race: Zerg Zerg
  • Spawn Location: 6:00

KillaJatt - Winner!

  • Race: Zerg Zerg
  • League: Platinum
  • Spawn Location: 5:00

OpuS

  • Race: Protoss Protoss
  • League: Platinum
  • Spawn Location: 12:00

Sketchaphone

  • Race: Zerg Zerg
  • League: Platinum
  • Spawn Location: 9:00

VOD

Have the link to the VOD?

Description

Time

  • Played on: Feb. 14, 2019, 8:59 p.m.
  • Length: 24:21
Show
View Real Time Build Order
Export as new Build Order

YATT Zerg - Winner!

Build Orders: Hatch First 

Get SALT Encoding   

  12  0:01  Drone  
  13  0:13  Overlord  
  13  0:21  Drone  
  14  0:31  Drone x2  
  14  0:35  Drone  
  17  0:57  Drone  
  17  1:00  Hatchery  
  17  1:01  Extractor  
  16  1:10  Drone  
  17  1:19  Spawning Pool  
  17  1:21  Drone  
  17  1:26  Drone  
  17  1:30  Drone  
  19  1:40  Drone  
  20  1:50  Overlord  
  20  2:05  Metabolic Boost  
  20  2:06  Queen  
  22  2:08  Drone  
  22  2:14  Zergling x2  
  22  2:15  Zergling x2  
  25  2:20  Queen  
  27  2:23  Drone  
  28  2:34  Baneling Nest  
  28  2:35  Drone  
  28  2:40  Drone x2  
  30  2:45  Drone  
  30  2:47  Drone  
  31  3:02  Zergling x4  
  32  3:11  Spine Crawler  
  32  3:12  Zergling x4  
  33  3:20  Zergling x6  
  33  3:23  Overlord  
  36  3:29  Baneling x2  
  36  3:32  Overlord  
  32  4:03  Zergling x6  
  32  4:04  Zergling x14  
  40  4:11  Spine Crawler  
  38  4:21  Roach Warren  
  38  4:22  Drone x2  
  39  4:32  Drone x2  
  41  4:48  Drone x7  
  41  4:49  Hatchery  
  39  5:30  Drone x2  
  39  5:31  Drone x5  
  46  5:38  Lair  
  46  5:41  Extractor  
  46  5:42  Roach x2  
  49  5:43  Roach  
  49  5:47  Extractor  
  49  5:49  Extractor  
  47  5:52  Overlord  
  47  5:55  Queen  
  49  6:05  Roach x4  
  49  6:08  Overlord x2  
  57  6:13  Drone x2  
  57  6:14  Drone  
  57  6:17  Drone x3  
  65  6:25  Roach  
  65  6:39  Queen  
  65  6:41  Drone x5  
  65  6:43  Roach  
  74  6:48  Overlord  
  72  6:56  Roach  
  74  7:06  Overlord x2  
  74  7:08  Overseer  
  74  7:11  Roach x3  
  74  7:12  Roach  
  82  7:38  Roach  
  82  7:39  Roach x7  
  98  7:45  Glial Reconstitution  
  98  7:53  Evolution Chamber  
  98  7:54  Evolution Chamber  
  94  8:20  Zerg Missile Weapons Level 1  
  94  8:21  Zerg Ground Armor Level 1  
  94  8:24  Hydralisk Den  
  94  8:25  Overlord x3  
  94  8:26  Overlord x5  
  93  8:41  Overseer x3  
  85  8:57  Roach  
  85  8:58  Roach x7  
  85  8:59  Roach x2  
  75  9:43  Roach x4  
  75  9:44  Roach x7  
  87  9:56  Grooved Spines  
  87  9:58  Queen  
  89  10:06  Zergling x12  
  91  10:18  Extractor  
  91  10:20  Roach x3  
  96  10:28  Overseer  
  96  10:29  Overlord x2  
  96  10:30  Overlord  
  96  10:34  Queen  
  98  10:36  Overlord  
  98  10:37  Overlord  
  98  10:46  Extractor  
  98  10:48  Zerg Missile Weapons Level 2, Zerg Ground Armor Level 2  
  98  10:49  Hydralisk  
  97  10:50  Hydralisk x7  
  113  10:59  Roach x2  
  117  11:05  Drone  
  117  11:06  Drone x2  
  117  11:07  Muscular Augments, Drone  
  117  11:08  Overlord, Hatchery  
  117  11:10  Overseer  
  120  11:21  Roach x4  
  120  11:22  Roach  
  120  11:24  Overlord  
  130  11:43  Roach x6  
  130  11:44  Roach  
  144  12:03  Roach x5  
  144  12:05  Overlord  
  144  12:06  Overlord x2  
  132  12:37  Hydralisk x3  
  132  12:38  Hydralisk x7  
  132  12:39  Hydralisk  
  132  12:41  Queen  
  156  12:46  Overseer x4  
  156  12:50  Overseer  
  154  13:07  Spire  
  153  13:12  Infestation Pit  
  128  13:35  Hydralisk x5  
  128  13:36  Hydralisk x6  
  128  13:37  Hydralisk x2  
  150  13:44  Drone x3  
  150  13:45  Drone  
  120  14:16  Hydralisk  
  120  14:17  Hydralisk x7  
  110  14:18  Hydralisk  
  102  14:33  Corruptor x3  
  106  14:52  Hydralisk x5  
  116  15:03  Corruptor, Swarm Host  
  74  15:51  Corruptor x3  
  74  15:52  Corruptor x3  
  78  16:06  Drone x2  
  78  16:09  Corruptor x2  
  84  16:23  Corruptor  
  86  16:36  Corruptor x2  
  84  16:46  Hydralisk  
  82  16:47  Hydralisk x2  
  70  17:35  Swarm Host  
  70  17:36  Hydralisk x4  
  70  17:37  Hydralisk x5  
  77  17:38  Zergling x8  
  77  17:39  Zergling x4  
  97  17:56  Zergling x8  
  99  17:59  Hatchery  
  98  18:06  Hive  
  97  18:22  Roach x4  
  86  18:39  Overseer x2  
  56  19:24  Greater Spire  
  53  19:33  Roach x6  
  53  19:34  Roach x2  
  53  19:36  Overlord x2  
  53  19:37  Overlord x2  
  66  19:39  Overlord x2  
  66  19:40  Overlord  
  44  20:28  Roach x2  
  44  20:29  Roach  
  44  20:34  Hatchery  
  47  20:40  Zergling x2  
  48  20:49  Brood Lord  
  50  20:50  Brood Lord x2  
  37  21:50  Overseer  
  37  22:16  Zergling x6  
  38  23:30  Zergling x4, Swarm Host  
  38  23:31  Zergling x6  
  46  23:46  Hatchery  
Show
View Real Time Build Order
Export as new Build Order

KillaJatt Zerg - Winner!

Build Orders: Hatch First, Lurkers 

Get SALT Encoding   

  12  0:00  Drone  
  13  0:12  Overlord  
  13  0:18  Drone  
  14  0:31  Drone x2  
  14  0:34  Drone  
  17  0:55  Hatchery  
  16  0:58  Drone  
  16  1:02  Drone  
  18  1:13  Extractor  
  18  1:17  Spawning Pool  
  16  1:22  Drone  
  16  1:24  Drone  
  18  1:28  Drone  
  19  1:39  Drone  
  20  1:59  Overlord  
  20  2:05  Queen  
  20  2:06  Queen  
  20  2:08  Zergling x4  
  26  2:11  Zergling x2  
  27  2:23  Metabolic Boost  
  27  2:28  Drone  
  27  2:29  Drone x2  
  30  2:53  Hatchery  
  30  2:56  Pneumatized Carapace  
  29  3:02  Queen  
  29  3:05  Zergling x2  
  32  3:09  Drone  
  33  3:14  Drone x2  
  35  3:31  Drone  
  35  3:32  Overlord x2  
  36  3:38  Evolution Chamber  
  35  3:41  Roach Warren  
  34  4:16  Lair  
  34  4:18  Zerg Missile Weapons Level 1  
  34  4:19  Evolution Chamber  
  34  4:21  Overlord x2  
  34  4:23  Drone x5  
  38  4:24  Drone  
  38  4:31  Queen  
  38  5:19  Zerg Ground Armor Level 1  
  38  5:22  Spore Crawler  
  38  5:24  Spore Crawler  
  38  5:25  Queen  
  38  5:27  Drone x8  
  38  5:28  Overlord x2, Drone x3  
  48  5:32  Drone x3  
  48  5:35  Drone  
  52  5:39  Drone  
  52  5:40  Extractor  
  52  5:41  Drone  
  52  5:42  Drone  
  54  5:55  Glial Reconstitution  
  54  5:58  Drone  
  54  5:59  Drone x3, Extractor  
  54  6:00  Drone x2, Extractor  
  58  6:05  Queen  
  60  6:18  Drone x2  
  62  6:20  Drone x4  
  66  6:26  Hydralisk Den  
  66  6:31  Zerg Missile Weapons Level 2  
  65  6:34  Zergling x6  
  65  6:35  Zergling x12  
  74  6:47  Queen  
  74  6:52  Roach x3  
  82  6:54  Overlord x3  
  82  7:27  Roach  
  82  7:28  Roach x8  
  95  7:36  Overseer  
  95  7:37  Overseer  
  95  7:42  Zerg Ground Armor Level 2  
  95  7:45  Drone  
  95  7:46  Drone  
  95  7:50  Grooved Spines  
  97  7:58  Overlord x5, Extractor x2  
  95  8:01  Spore Crawler  
  95  8:05  Spore Crawler x2  
  92  8:07  Spore Crawler  
  92  8:09  Spore Crawler  
  92  8:11  Spore Crawler  
  89  8:13  Spore Crawler  
  90  8:20  Roach x12  
  111  8:35  Drone x3  
  111  8:36  Drone x3, Hydralisk x2  
  121  8:42  Overlord x2  
  119  8:54  Roach  
  119  8:55  Roach x4  
  108  9:06  Hydralisk x3  
  92  9:48  Hatchery, Extractor  
  92  9:51  Roach x7  
  92  9:52  Roach x2, Extractor  
  73  10:18  Muscular Augments  
  73  10:22  Lurker Den  
  73  10:28  Infestation Pit  
  71  10:34  Queen  
  73  10:37  Overseer x3  
  73  10:41  Queen  
  75  10:52  Hydralisk x8  
  75  10:53  Hydralisk x8  
  107  11:00  Queen  
  109  11:08  Hive  
  109  11:42  Roach x9  
  109  11:43  Roach x3  
  119  12:24  Zerg Ground Armor Level 3, Zerg Missile Weapons Level 3  
  119  12:25  Adaptive Talons  
  119  12:26  Hydralisk x3  
  126  12:30  Drone x5  
  126  12:31  Drone  
  131  12:43  Drone x4  
  131  12:44  Drone x3  
  138  13:01  Overlord x4  
  138  13:05  Drone x2  
  108  13:39  Lurker x5  
  108  13:40  Lurker x9  
  108  13:41  Lurker  
  121  13:43  Hydralisk x2  
  121  13:44  Hydralisk x3  
  107  14:56  Spire  
  94  15:01  Zerg Melee Weapons Level 1, Ultralisk Cavern, Hydralisk x14  
  94  15:02  Hydralisk x7  
  117  15:44  Lurker  
  117  15:45  Lurker x8  
  126  16:00  Drone x3  
  126  16:01  Drone x2  
  131  16:09  Corruptor  
  131  16:10  Corruptor x4  
  139  16:18  Corruptor  
  134  16:40  Corruptor x4  
  134  16:41  Corruptor  
  134  16:56  Corruptor x2  
  134  16:57  Corruptor  
  106  17:14  Corruptor x3  
  90  17:35  Zergling x14  
  90  17:36  Zergling x46  
  120  17:42  Corruptor  
  116  17:59  Lurker  
  110  18:14  Zerg Melee Weapons Level 2  
  110  18:17  Greater Spire  
  84  18:48  Corruptor x5  
  94  19:28  Brood Lord x4  
  102  19:38  Zerg Flyer Weapons Level 1  
  102  19:40  Corruptor x5  
  112  20:05  Roach  
  112  20:06  Roach x9  
  112  20:07  Roach x7  
  146  20:28  Overlord x3  
  138  21:10  Corruptor x2  
  142  21:57  Overseer x3  
  138  23:02  Roach x7  
  152  23:19  Zergling x6  
Show
View Real Time Build Order
Export as new Build Order

OpuS Protoss 

Build Orders: 1 Gate Expand, Carriers 

Get SALT Encoding   

  12  0:01  Probe  
  13  0:13  Probe  
  14  0:21  Pylon  
  14  0:25  Probe  
  15  0:38  Probe  
  16  0:43  Gateway  
  16  0:46  Probe  
  16  0:53  Assimilator  
  16  0:54  Probe  
  17  1:02  Probe  
  18  1:11  Probe  
  20  1:31  Cybernetics Core  
  20  1:44  Nexus  
  20  1:50  Pylon  
  20  1:52  Probe  
  20  2:02  Assimilator  
  20  2:04  Probe  
  20  2:07  Warp Gate  
  21  2:12  Zealot  
  23  2:16  Probe  
  24  2:23  Gateway  
  24  2:25  Probe  
  25  2:33  Probe  
  25  2:38  Stalker  
  28  2:49  Gateway  
  28  2:57  Gateway  
  28  3:01  Probe x2  
  30  3:06  Adept  
  30  3:08  Forge  
  32  3:20  Probe x2  
  34  3:38  Stalker x2  
  38  3:48  Probe x2  
  40  3:51  Pylon  
  40  3:58  Pylon  
  40  4:05  Stalker  
  40  4:06  Gateway  
  42  4:17  Probe  
  42  4:18  Probe  
  42  4:23  Stargate  
  44  4:24  Twilight Council  
  44  4:29  Probe  
  44  4:30  Probe  
  46  4:42  Zealot, Probe x2  
  48  4:54  Stargate  
  48  4:56  Pylon  
  48  4:59  Zealot x2  
  49  5:17  Zealot x2  
  53  5:30  Zealot  
  48  5:59  Probe x2  
  50  6:08  Phoenix x2  
  54  6:12  Probe  
  54  6:14  Probe  
  56  6:21  Charge  
  56  6:34  Probe x2  
  56  6:38  Phoenix x2  
  60  6:50  Probe  
  60  6:51  Probe  
  60  6:53  Stalker x2  
  66  6:57  Stalker  
  68  7:12  Probe x2  
  68  7:14  Assimilator  
  70  7:18  Assimilator  
  70  7:28  Pylon  
  70  7:30  Pylon  
  70  7:44  Pylon  
  70  7:46  Probe x2, Void Ray  
  70  7:48  Fleet Beacon  
  76  7:58  Probe x2  
  76  8:04  Void Ray  
  82  8:17  Zealot x4  
  82  8:19  Probe x2  
  92  8:39  Pylon  
  92  8:41  Pylon  
  92  8:43  Pylon  
  92  8:48  Void Ray  
  92  8:53  Void Ray  
  76  9:06  Stalker x2  
  72  9:20  Stalker x2  
  70  9:33  Pylon  
  70  9:34  Pylon  
  73  9:52  Nexus  
  66  9:57  Pylon  
  65  10:18  Pylon  
  65  10:21  Pylon  
  65  10:25  Carrier  
  65  10:32  Pylon  
  65  10:37  Carrier  
  65  10:41  Zealot x2  
  77  10:55  Protoss Air Weapons Level 1  
  77  11:03  Zealot x2  
  81  11:04  Zealot  
  81  11:05  Zealot  
  85  11:15  Probe x3, Stargate  
  88  11:22  Carrier  
  94  11:34  Carrier  
  96  11:51  Probe x2  
  96  11:52  Probe  
  99  11:56  Shield Battery  
  99  11:58  Shield Battery  
  99  12:00  Shield Battery  
  99  12:03  Probe  
  98  12:18  Zealot x4  
  98  12:19  Probe  
  98  12:20  Probe x2  
  109  12:32  Probe x2, Templar Archives  
  111  12:38  Zealot  
  111  12:39  Zealot  
  111  12:41  Zealot  
  117  12:45  Zealot  
  117  12:48  Probe  
  117  12:49  Probe x2  
  122  12:54  Pylon  
  122  13:05  Carrier  
  84  13:29  Zealot x4  
  86  13:34  Carrier  
  86  13:37  Carrier  
  86  13:38  Probe  
  86  13:39  Probe  
  86  13:40  Probe  
  101  13:56  Gateway  
  101  13:59  Gateway  
  101  14:03  Gateway  
  101  14:05  Gateway  
  101  14:06  Zealot  
  101  14:07  Zealot x2  
  107  14:14  Carrier  
  103  14:29  Carrier  
  107  14:31  Carrier  
  107  14:37  Protoss Air Weapons Level 2  
  119  14:50  Zealot x2  
  123  15:04  Stargate  
  123  15:05  Stargate  
  123  15:07  Stargate  
  123  15:11  Assimilator  
  123  15:15  Assimilator  
  123  15:26  Tempest  
  128  15:38  Pylon  
  128  15:40  Pylon  
  128  15:42  Pylon  
  128  15:44  Pylon  
  131  16:02  Pylon  
  126  16:26  Tempest  
  131  16:35  Nexus  
  123  16:59  Tempest x2  
  103  17:29  Zealot x3  
  98  17:30  Zealot x2  
  98  17:36  Pylon  
  85  17:37  Zealot  
  85  17:57  Zealot x2  
  85  17:58  Zealot x3  
  93  18:16  Nexus  
  71  18:29  High Templar  
  71  18:30  High Templar x3  
  78  18:34  High Templar  
  78  18:36  High Templar  
  78  18:39  Archon x2  
  78  18:40  Archon  
  82  19:00  High Templar  
  84  19:04  High Templar  
  84  19:08  Gateway  
  86  19:22  High Templar x2  
  90  19:25  Archon  
  90  19:26  Archon  
  90  19:31  Zealot  
  90  19:32  Zealot x2  
  96  20:05  Stalker x4  
  96  20:06  Stalker x3  
  110  20:07  Blink  
  110  20:27  Zealot  
  112  20:29  Zealot  
  80  21:09  Stalker x3  
  80  21:10  Stalker  
  64  21:26  Stalker  
  64  21:30  Stalker  
  66  21:45  Stalker  
  62  22:00  Stalker  
  25  22:30  Zealot  
  25  22:31  Zealot  
Show
View Real Time Build Order
Export as new Build Order

Sketchaphone Zerg 

Build Orders: Hatch First, Lurkers 

Get SALT Encoding   

  12  0:01  Drone  
  13  0:13  Overlord  
  13  0:19  Drone  
  14  0:23  Extractor  
  14  0:24  Drone  
  15  0:32  Drone  
  17  0:35  Drone  
  17  0:57  Hatchery  
  16  1:00  Drone  
  16  1:03  Drone  
  16  1:04  Extractor  
  17  1:20  Spawning Pool  
  17  1:22  Drone  
  17  1:25  Drone  
  18  1:31  Drone  
  19  1:39  Drone  
  20  1:51  Overlord  
  20  2:03  Drone  
  20  2:06  Metabolic Boost  
  20  2:08  Queen  
  23  2:10  Queen  
  23  2:13  Drone  
  26  2:17  Zergling x2  
  26  2:20  Drone  
  28  2:28  Drone  
  29  2:30  Drone  
  30  2:38  Drone  
  30  2:42  Drone  
  32  2:46  Queen  
  32  2:47  Drone  
  32  2:51  Overlord  
  34  3:05  Spine Crawler, Zergling x4  
  33  3:12  Spine Crawler  
  32  3:14  Zergling x2  
  32  3:15  Zergling x2  
  32  3:18  Zergling x2  
  32  3:19  Overlord  
  35  3:20  Drone  
  35  3:22  Drone  
  37  3:33  Overlord  
  37  3:40  Spine Crawler  
  34  3:57  Zergling x4  
  34  3:59  Pneumatized Carapace  
  36  4:03  Roach Warren  
  36  4:06  Zergling x2  
  33  4:13  Drone x2  
  33  4:14  Drone x5  
  33  4:15  Drone  
  41  4:17  Drone  
  42  4:33  Drone  
  42  4:34  Overlord, Drone  
  42  4:35  Drone  
  45  4:46  Drone  
  45  4:47  Extractor  
  45  4:51  Zergling x2  
  46  4:58  Roach x4  
  51  5:00  Hatchery  
  51  5:04  Drone x2  
  52  5:16  Drone  
  52  5:17  Roach  
  52  5:18  Roach x2  
  52  5:19  Drone  
  60  5:35  Overlord, Drone  
  61  5:36  Overlord x2  
  61  5:41  Roach x3  
  67  5:46  Evolution Chamber  
  67  5:47  Lair  
  67  5:48  Roach  
  68  6:01  Drone  
  68  6:02  Drone x3  
  72  6:08  Overlord  
  72  6:13  Drone  
  72  6:14  Evolution Chamber  
  72  6:15  Hatchery  
  71  6:29  Overlord  
  71  6:30  Overlord, Extractor  
  71  6:32  Extractor  
  69  6:41  Zerg Ground Armor Level 1  
  69  6:42  Zerg Missile Weapons Level 1  
  69  6:43  Roach x2  
  73  6:55  Roach x2  
  73  6:56  Roach, Drone x2  
  81  7:06  Overlord  
  81  7:08  Glial Reconstitution  
  81  7:16  Queen  
  81  7:17  Drone x7  
  81  7:19  Overlord  
  85  7:33  Overseer  
  85  7:51  Queen, Drone  
  85  7:53  Spore Crawler  
  85  7:57  Hydralisk Den  
  85  7:58  Queen  
  86  7:59  Drone x14  
  102  8:13  Roach x2  
  102  8:14  Roach x2  
  102  8:19  Ravager x2  
  112  8:27  Hydralisk  
  112  8:28  Grooved Spines, Hydralisk x2  
  112  8:34  Overlord, Drone  
  118  8:37  Lurker Den  
  118  8:39  Drone, Extractor  
  118  8:40  Drone x7  
  125  8:41  Extractor  
  125  8:42  Roach  
  125  8:43  Roach  
  93  9:11  Hydralisk x3  
  93  9:12  Hydralisk x6  
  111  9:18  Roach x2  
  111  9:19  Zergling x14  
  120  9:32  Roach  
  120  9:37  Queen  
  124  9:41  Roach  
  125  9:50  Lurker Den, Extractor  
  125  9:52  Extractor  
  120  10:12  Queen  
  122  10:23  Drone x9  
  122  10:26  Muscular Augments  
  131  10:29  Zerg Missile Weapons Level 2  
  131  10:30  Zerg Ground Armor Level 2  
  131  10:31  Infestation Pit  
  131  10:35  Burrow  
  130  10:37  Tunneling Claws  
  130  10:38  Zergling x12  
  130  10:40  Overlord x3  
  136  11:11  Lurker x4  
  139  11:14  Zergling x2  
  139  11:15  Zergling x32  
  157  11:22  Drone  
  158  11:26  Pathogen Glands, Hive  
  158  11:28  Overlord  
  158  11:29  Overlord  
  158  11:30  Overlord  
  158  11:48  Lurker x3  
  161  11:56  Roach x3  
  161  11:57  Roach x4  
  175  12:04  Overlord x4  
  139  12:57  Roach x7  
  153  13:02  Zerg Ground Armor Level 3  
  153  13:03  Zerg Missile Weapons Level 3  
  152  13:08  Hatchery  
  152  13:10  Zergling x4  
  141  13:14  Adaptive Talons  
  141  13:15  Hatchery  
  141  13:16  Baneling Nest  
  102  14:02  Centrifical Hooks  
  88  14:05  Zergling x6  
  88  14:06  Zergling x8  
  88  14:08  Overseer  
  87  14:17  Overseer  
  63  14:35  Zergling x14  
  63  14:36  Zergling x2  
  63  14:37  Zergling x2  
  63  14:47  Zergling x2  
  63  14:48  Zergling x2  
  51  14:59  Baneling x8  
  33  15:00  Baneling x11  
  33  15:01  Baneling x4  
  32  15:11  Baneling Nest, Overseer  
  29  15:24  Zergling x8  
  27  15:57  Roach x6  
  36  16:04  Baneling x8  
  36  16:06  Overseer  
  36  16:14  Overseer  
  36  16:19  Queen  
  36  16:23  Drone x4  
  42  16:34  Drone x2  
  43  16:40  Drone  
  41  16:55  Queen  
  41  16:59  Zergling x6  
  46  17:04  Drone x2  
  48  17:08  Hatchery  
  48  17:30  Drone x4  
  48  17:33  Zergling x2  
  48  17:36  Zergling x6  
  50  17:54  Hatchery  
  49  18:04  Drone x4  
  53  18:08  Zergling x4  
  35  18:43  Zergling x2  
  35  18:44  Zergling x18  
  43  18:56  Zergling x6  
  46  19:04  Queen  
  46  19:09  Zergling x8  
  51  19:32  Zergling x18  
  51  19:38  Zergling x8  
  64  19:40  Drone x2  
  66  19:47  Zergling x8  
  66  20:03  Zergling x10  
  66  20:04  Zergling x2  
  60  20:14  Zergling x2  
  60  20:15  Zergling x10  
  60  20:18  Drone  
  55  20:35  Zergling x10  
  44  20:52  Zergling x12  
  44  20:56  Zergling x2  
  43  21:15  Drone x6  
  45  21:21  Drone x3  
  43  22:01  Hydralisk x6  
  53  22:10  Hydralisk  
  55  22:30  Hydralisk  
  55  22:31  Hydralisk  
  54  22:50  Zergling x22  
  55  22:51  Zergling x2  
  55  22:54  Zergling x2  
  55  22:56  Zergling x2  
  54  23:01  Drone x2  
  56  23:14  Zergling x4  
  57  23:29  Zergling x12  
  61  23:36  Zergling x8  
  61  23:39  Zergling x2  
  60  23:42  Zergling x2  
  60  23:48  Zergling x6  
  62  23:49  Zergling x2  
  62  23:51  Zergling x2  
  63  24:00  Zergling x8  
Tags
 
Add a new tag
Caveats
  • Supply blocks, unpowered buildings, or Contaminate may cause inaccurate times.
  • Supply counts are checked every 10 seconds.